 Dungeon Crawl Stone Soup version 0.20.1-1-g8b1a95d (webtiles) character file.

95 RubyRose the Grave Robber (level 4, 0/24 HPs)
             Began as a Deep Elf Necromancer on Dec 8, 2017.
             Slain by Terence
             ... wielding a +0 mace
              (1 damage)
             ... on level 3 of the Dungeon.
             The game lasted 00:13:18 (2843 turns).

RubyRose the Grave Robber (Deep Elf Necromancer)    Turns: 2843, Time: 00:13:18

Health: 0/24       AC:  3    Str:  5    XL:     4   Next: 39%
Magic:  7/12       EV: 12    Int: 21    God:
Gold:   114        SH:  0    Dex: 15    Spells: 2/11 levels left

rFire    . . .     SeeInvis +   o - +0 dagger
rCold    . . .     Gourm    .   (no shield)
rNeg     . . .     Faith    .   m - +0 leather armour
rPois    .         Spirit   .   (no helmet)
rElec    .         Reflect  .   (no cloak)
rCorr    .         Harm     .   (no gloves)
MR       .....                  (no boots)
Stlth    ++........             (no amulet)
Regen    0.1/turn               i - ring of see invisible
MPRegen  0.2/turn               (no ring)

@: no status effects
A: no striking features
a: no special abilities


You were on level 3 of the Dungeon.
You were not hungry.

You visited 1 branch of the dungeon, and saw 3 of its levels.

You collected 114 gold pieces.

Inventory:

Hand Weapons
 o - a +0 dagger (weapon)
Armour
 a - a +0 robe
 m - a +0 leather armour (worn)
Jewellery
 i - a ring of see invisible (left hand)
Wands
 r - a wand of polymorph (9/24)
Scrolls
 e - a scroll of teleportation {unknown}
 g - 2 scrolls of remove curse {unknown}
 h - 2 scrolls of identify {unknown}
 j - 2 scrolls of enchant weapon {unknown}
 l - a scroll of blinking {unknown}
Potions
 k - a potion of brilliance {unknown}
 n - a potion of lignification {unknown}
 p - a potion of agility {unknown}
Books
 b - a book of Necromancy

   Spells                             Type                      Level
   a - Pain                           Necromancy                   1
   b - Animate Skeleton               Necromancy                   1
   c - Vampiric Draining              Necromancy                   3
   d - Regeneration                   Charms/Necromancy            3
   e - Animate Dead                   Necromancy                   4
   f - Control Undead                 Necromancy                   4
 q - a book of Changes

   Spells                             Type                      Level
   a - Beastly Appendage              Transmutation                1
   b - Sticks to Snakes               Transmutation                2
   c - Spider Form                    Transmutation/Poison         3
   d - Ice Form                       Ice/Transmutation            4
   e - Blade Hands                    Transmutation                5
Comestibles
 c - 2 bread rations
 d - a meat ration
 f - 2 fruits
 s - a royal jelly


   Skills:
 + Level 0.4 Armour
 + Level 2.8 Dodging
 + Level 2.8 Stealth
 + Level 4.4 Spellcasting
 + Level 5.9 Necromancy


You had 2 spell levels left.
You knew the following spells:

 Your Spells              Type           Power        Failure   Level  Hunger
a - Pain                  Necr           ####         1%          1    None
b - Animate Skeleton      Necr           N/A          1%          1    None
c - Animate Dead          Necr           N/A          16%         4    ####...
d - Regeneration          Chrm/Necr      ###.......   17%         3    ##.....


Dungeon Overview and Level Annotations

Branches:
Dungeon (3/15)

Altars:

Annotations:
D:3 Terence


Message History

Things that are here:
a hand axe; an orc skeleton Terence looks scornfully at you.
Terence screams, "I want your blood!"
Found 7 gold pieces.
Found a stone staircase leading down.
A bullfrog comes into view.
You see here 7 gold pieces.
The helpless bullfrog fails to defend itself.
You puncture the bullfrog!
The bullfrog is moderately wounded.
The bullfrog hits you. The bullfrog completely misses you.
You closely miss the bullfrog.
The bullfrog is moderately wounded.
The bullfrog hits you! Terence hits you with a mace.
You barely miss the bullfrog.
The bullfrog is moderately wounded.
The bullfrog hits you!
* * * LOW HITPOINT WARNING * * *
The bullfrog closely misses you. Terence hits you with a mace.
You die...

#### #.... #....##
#>.....
#...#.#########
#......S....#
##.S@######.#########
###@.### #..........
##F..# ###########
##.# #.########
#.#.(....##
##########..))(<...##
#...................#
#...................#
#....>..............#


You could see a bullfrog, Terence and an adder.

Vanquished Creatures
  An orc wizard (D:3)
  An adder (D:3)
  A dart slug (D:1)
  2 leopard geckos
  8 orcs (D:3)
  6 bats
  3 giant cockroaches
  4 goblins
  6 hobgoblins
  4 frilled lizards
  5 kobolds
  5 rats
46 creatures vanquished.

Notes
Turn   | Place    | Note
-------+----------+-------------------------------------------
     0 | D:1      | RubyRose the Deep Elf Necromancer began the quest for the Orb.
     0 | D:1      | Reached XP level 1. HP: 10/10 MP: 6/6
   343 | D:1      | Reached skill level 5 in Necromancy
   381 | D:1      | Learned a level 1 spell: Animate Skeleton
   429 | D:1      | Reached XP level 2. HP: 13/15 MP: 6/8
  1563 | D:2      | Reached XP level 3. HP: 17/19 MP: 7/10
  1856 | D:3      | Found a faded altar of an unknown god.
  2482 | D:3      | Reached XP level 4. HP: 7/24 MP: 1/12
  2710 | D:3      | Learned a level 4 spell: Animate Dead
  2714 | D:3      | Learned a level 3 spell: Regeneration
  2784 | D:3      | Noticed Terence
  2839 | D:3      | Noticed a bullfrog
  2843 | D:3      | HP: 1/24 [bullfrog (8)]
  2843 | D:3      | Slain by Terence

Skill      XL: |  1  2  3 |
---------------+----------+-----
Necromancy     | 5 |  5.9
Spellcasting   | 4 |  4.4
Armour         | |  0.4
Dodging        | |  2.8
Stealth        | |  2.8

Action                   |  1- 3 |  4- 6 || total
-------------------------+-------+-------++-------
Melee: Unarmed           |     7 |       ||     7
       Dagger            |    12 |     3 ||    15
 Cast: Pain              |    79 |     6 ||    85
       Animate Skeleton  |    10 |       ||    10
       Animate Dead      |       |     2 ||     2
  Use: Potion            |     1 |       ||     1
 Stab: Sleeping          |       |     1 ||     1
  Eat: Chunk             |     1 |       ||     1
       Bread ration      |     2 |       ||     2
Armor: Robe              |    11 |       ||    11
       Leather armour    |    11 |       ||    11
Dodge: Dodged            |    60 |     2 ||    62
